 Seeded DCSS version 0.30-a0-125-g51eefa89be (webtiles) character file.

Game seed: 13279993624764864286 (custom seed)

0 SigmundSlayer the Digger (level 1, 0/13 HPs)
             Began as a Demonspawn Earth Elementalist on Sept 19, 2022.
             Slain by a quokka (2 damage)
             ... on level 1 of the Dungeon.
             The game lasted 00:00:13 (21 turns).

SigmundSlayer the Digger (DsEE)                       Turns: 21, Time: 00:00:13

Health: 0/13       AC:  2    Str:  8    XL:     1   Next: 8%
Magic:  1/3        EV: 12    Int: 16    God:
Gold:   0          SH:  0    Dex: 13    Spells: 3/4 levels left

rFire   . . .      SeeInvis .    (no weapon)
rCold   . . .      Faith    .    (no shield)
rNeg    . . .      Spirit   .    a - +0 robe
rPois   .          Reflect  .    (no helmet)
rElec   .          Harm     .    (no cloak)
rCorr   .          Rampage  .    (no gloves)
Will    .....                    (no boots)
Stlth   ++........               (no amulet)
HPRegen 0.04/turn                (no ring)
MPRegen 0.08/turn                (no ring)

@: no status effects
A: no striking features
a: no special abilities


You were on level 1 of the Dungeon.
You visited 1 branch of the dungeon, and saw 1 of its levels.

Inventory:

Armour
 a - a +0 robe (worn)
Potions
 b - a potion of magic


   Skills:
 - Level 1.7 Dodging
 - Level 1.7 Stealth
 - Level 2.0 Spellcasting
 - Level 0.8 Transmutations
 + Level 2.7 Earth Magic


You had 3 spell levels left.
You knew the following spells:

 Your Spells              Type           Power      Damage    Failure   Level
a - Sandblast             Erth           20%        2d7       7%          1

Your spell library contained the following spells:

 Spells                   Type           Power      Damage    Failure   Level
 Passwall                 Tmut/Erth      5%         N/A       16%         2
 Stone Arrow              Conj/Erth      10%        3d7       34%         3
 Petrify                  Tmut/Erth      7%         N/A       69%         4


Dungeon Overview and Level Annotations

Branches:
Dungeon (1/15)

Altars:


Message History

You see here a stone.
You open the door.
Found 34 stones.
No target in view!
You can't see any susceptible monsters within range! (Use Z to cast anyway.)
Found 4 stones.
There is an open door here.
You see here 3 stones.
You see here 2 stones.
You open the door.
A rat comes into view.
There is an open door here.
A quokka comes into view.
The blast of sand hits the rat.
You kill the rat!
Found a dented diamond amulet.
The blast of sand hits the quokka.
The quokka is almost dead.
The blast of sand hits the quokka but does no damage.
The quokka is almost dead.
The quokka barely misses you.
You are out of magic!
You hit the quokka but do no damage.
The quokka is almost dead.
The quokka bites you.
You hit the quokka but do no damage.
The quokka is almost dead.
The quokka barely misses you. The quokka closely misses you.
You closely miss the quokka.
The quokka is almost dead.
The quokka bites you.
You hit the quokka but do no damage.
The quokka is almost dead.
The quokka bites you.
You hit the quokka but do no damage.
The quokka is almost dead.
The quokka bites you.
* * * LOW HITPOINT WARNING * * *
The quokka bites you.
You die...

"
##########....
#...@r.....#
#.##'#######
##.## ###
#(..#
##.###(((##
#...#(.((.#
#..(#((((.#
#.<('.(8(.#
#.(.#.((..#


You could see a quokka.

Vanquished Creatures
  A rat (D:1)
1 creature vanquished.

Notes
Turn   | Place    | Note
-------+----------+-------------------------------------------
     0 | D:1      | SigmundSlayer the Demonspawn Earth Elementalist began the
                  | quest for the Orb.
     0 | D:1      | Reached XP level 1. HP: 13/13 MP: 3/3
    21 | D:1      | Slain by a quokka

Illustrated notes

Levels and vault maps discovered:
D:1:      minmay_arrival_shattered_statue, layout_rooms,
          shapermc_ecumenical_altar_petra, grunt_decor_fettered

Action                   || total
-------------------------++-------
Melee: Unarmed           ||     5
 Cast: Sandblast         ||     3
Dodge: Dodged            ||     3

Table legend: (Time is in decaauts)
 A = Elapsed time spent in this place.
 B = Non-inter-level travel time spent in this place.
 C = Inter-level travel time spent in this place.
 D = Time resting spent in this place.
 E = Time spent auto-exploring this place.
 F = Levels seen in this place.
 G = Mean time per level.
                   A        B        C        D        E       F      G
               +--------+--------+--------+--------+--------+-----+--------+
         Total |     22 |     22 |      0 |      0 |      8 |   1 |   22.0 |
       Dungeon |     22 |     22 |      0 |      0 |      8 |   1 |   22.0 |
               +--------+--------+--------+--------+--------+-----+--------+

Top non-repeatable levels by time:
     D:1: 22 daAuts
